 Dungeon Crawl Stone Soup version 0.23.2-1-ga50397a (webtiles) character file.

Game seed: 7195547951136616949

68 whitewolfNL the Skirmisher (level 4, -4/41 HPs)
             Began as a Minotaur Berserker on May 15, 2019.
             Was a Believer of Trog.
             Slain by Sigmund
             ... wielding a cursed -3 scythe
              (10 damage)
             ... on level 3 of the Dungeon.
             The game lasted 00:05:29 (1571 turns).

whitewolfNL the Skirmisher (Minotaur Berserker)     Turns: 1571, Time: 00:05:39

Health: -4/41      AC:  5    Str: 21    XL:     4   Next: 1%
Magic:  3/3        EV: 11    Int:  4    God:    Trog [**....]
Gold:   71         SH:  0    Dex: 11    Spells: 3/3 levels left

rFire    . . .     SeeInvis .   a - +0 mace
rCold    . . .     Gourm    .   (no shield)
rNeg     . . .     Faith    .   i - +0 ring mail
rPois    +         Spirit   .   (helmet restricted)
rElec    .         Reflect  .   (no cloak)
rCorr    .         Harm     .   (no gloves)
MR       .....                  (no boots)
Stlth    ++........             (no amulet)
HPRegen  0.13/turn              g - ring of stealth
MPRegen  0.08/turn              p - ring of poison resistance

@: lethally poisoned (-4 -> -11), berserk cooldown, flying, starving, slowed,
very slow
A: retaliatory headbutt, horns 2
a: Berserk, Trog's Hand, Renounce Religion


You were on level 3 of the Dungeon.
You worshipped Trog.
Trog was pleased with you.
You were starving.

You visited 1 branch of the dungeon, and saw 3 of its levels.

You collected 71 gold pieces.

Inventory:

Hand Weapons
 a - a +0 mace (weapon)
Missiles
 k - 25 stones (quivered)
 r - 4 tomahawks
Armour
 i - a +0 ring mail (worn)
Jewellery
 b - an uncursed ring of protection from cold {unknown}
 g - a ring of stealth (left hand)
 p - a ring of poison resistance (right hand)
Scrolls
 d - a scroll of magic mapping {unknown}
 f - a scroll of enchant armour {unknown}
 h - a scroll of remove curse {unknown}
 j - a scroll of fear {unknown}
 m - 3 scrolls of amnesia {unknown}
 n - 3 scrolls of identify {unknown}
 o - a scroll of blinking {unknown}
Potions
 e - a potion of resistance {unknown}
 l - a potion of might {unknown}
 q - a potion of degeneration {unknown}
 s - a potion of flight
Comestibles
 c - 6 rations


   Skills:
 * Level 4.3 Fighting
 * Level 4.2 Maces & Flails
 - Level 1.0 Throwing
 + Level 2.9 Armour
 + Level 2.6 Dodging
 - Level 1.0 Stealth


You had 3 spell levels left.
You didn't know any spells.
Your spell library was empty.

Dungeon Overview and Level Annotations

Branches:
Dungeon (3/15)

Altars:
Gozag

Annotations:
D:3 Sigmund


Innate Abilities, Weirdness & Mutations

You reflexively headbutt those who attack you in melee.
You have a pair of horns on your head.


Message History

You hit the adder. Your headbutt misses the adder.
The adder is severely wounded.
You feel sick. Something hits you but does no damage.
The adder closely misses you. The adder barely misses you.
You closely miss the adder.
The adder is severely wounded.
You feel sick. Something hits you!
* * * LOW HITPOINT WARNING * * *
The adder bites you.
* * * LOW HITPOINT WARNING * * *
You are lethally poisoned!
The adder poisons you! The adder bites you but does no damage.
Something barely misses you.
It was a potion of flight.
You feel very buoyant.
You fly up into the air.
* * * LOW HITPOINT WARNING * * *
You feel sick. The adder barely misses you. You furiously retaliate!
You headbutt the adder. The adder closely misses you. Something hits you!
You die...

#.#.8...8.#......##
#.#.......#.##....####
#....._.....####.....##.#
###.......### ##<.......
#.8.).8.#############..
##.....##.......#
###.####.......#
#.####.......#
#...@S.......#
######{......#
#.......... #.......##.
#.......# #.......$.
#....<...## #.........#
...........


You could see an adder.

Vanquished Creatures
  2 adders (D:2)
  A dart slug (D:1)
  An orc (D:3)
  8 bats
  4 giant cockroaches
  8 goblins
  3 hobgoblins
  5 jackals
  3 frilled lizards
  3 kobolds
  7 rats
45 creatures vanquished.

Notes
Turn   | Place    | Note
-------+----------+-------------------------------------------
     0 | D:1      | whitewolfNL the Minotaur Berserker began the quest for the
                  | Orb.
     0 | D:1      | Reached XP level 1. HP: 19/19 MP: 0/0
   216 | D:1      | Reached XP level 2. HP: 27/27 MP: 1/1
   363 | D:1      | Reached skill level 1 in Throwing
   725 | D:2      | Reached XP level 3. HP: 28/33 MP: 2/2
   745 | D:2      | Reached skill level 1 in Stealth
   903 | D:2      | Reached ** piety under Trog
  1530 | D:3      | Found an opulent altar of Gozag.
  1548 | D:3      | Noticed Sigmund
  1567 | D:3      | Reached XP level 4. HP: 39/41 MP: 3/3
  1571 | D:3      | Slain by Sigmund

Skill      XL: |  1  2  3 |
---------------+----------+-----
Throwing       | 1 |  1.0
Fighting       | 4 |  4.3
Maces & Flails | 4 |  4.2
Stealth        | 1 |  1.0
Armour         | |  2.9
Dodging        | |  2.6

Action                   |  1- 3 |  4- 6 || total
-------------------------+-------+-------++-------
Melee: Mace              |    81 |     3 ||    84
       Headbutt          |     8 |     1 ||     9
Invok: Berserk           |     1 |       ||     1
  Use: Potion            |       |     1 ||     1
 Stab: Sleeping          |     2 |       ||     2
  Eat: Chunk             |     1 |       ||     1
Armor: Animal skin       |     3 |       ||     3
       Ring mail         |    38 |     1 ||    39
Dodge: Dodged            |    60 |     6 ||    66
